AoeStats
← Sp00ky

Arabia

508931098Analyzed
1v1 RM · 6d ago on Sep 24, 2026· 32m 57s· 2 players
Game mode
Random Map
Map size
Tiny (2 player)
Population
200
Speed
Normal
Resources
Standard
Victory
Conquest
Starting age
Dark Age
Ending age
Imperial Age
RankedLock teamsTeams togetherTeam positionsShared explorationLock speedFull tech treeHidden civsTurbo modeCheats
Victory
Defeat
🇦🇷 Gurjaras · Argentina
964
+16
🇵🇾 Tatars · Paraguay
959
-16
MPMJerry
10:30 Feudal Age
11:17 Double-Bit Axe
13:07 Man-at-Arms
20:02 Fletching
25:08 Castle Age
23:32 Gold Mining
27:52 Wheelbarrow
26:41 Elite Skirmisher
26:41 Crossbowman
27:54 Padded Archer Armor
28:20 Pikeman
31:17 Stone Mining
32:02 Gold Shaft Mining
32:13 Squires
Sp00ky
0:58 Loom
9:55 Feudal Age
10:31 Man-at-Arms
11:14 Double-Bit Axe
11:31 Arson
16:22 Forging
17:01 Horse Collar
19:43 Wheelbarrow
20:08 Gold Mining
24:09 Castle Age
22:46 Scale Barding Armor
24:51 Bloodlines
25:50 Gold Shaft Mining
26:04 Iron Casting
26:39 Chain Barding Armor
28:03 Husbandry
28:20 Stone Mining
Connection lost

Rejoining the realm…

Still unreachable

The connection could not be restored.

Session expired

The server has moved on; the page needs a fresh start.